 Dungeon Crawl Stone Soup version 0.29.1 (webtiles) character file.

Game seed: 2038363372674674027

17 EvilAshe the Shield-Bearer (level 2, -2/24 HPs)
             Began as a Human Fighter on Sept 12, 2022.
             Slain by a hobgoblin (3 damage)
             ... on level 2 of the Dungeon.
             The game lasted 00:01:43 (513 turns).

EvilAshe the Shield-Bearer (Human Fighter)           Turns: 513, Time: 00:01:44

Health: -2/24      AC:  6    Str: 16    XL:     2   Next: 80%
Magic:  2/2        EV:  8    Int:  8    God:
Gold:   25         SH:  4    Dex: 12    Spells: 1/1 levels left

rFire   . . .      SeeInvis .   a - +0 long sword
rCold   . . .      Faith    .   c - +0 buckler
rNeg    . . .      Spirit   .   b - +0 scale mail
rPois   .          Reflect  .   (no helmet)
rElec   .          Harm     .   (no cloak)
rCorr   .          Rampage  .   (no gloves)
Will    .....                   (no boots)
Stlth   ..........              (no amulet)
HPRegen 0.08/turn               (no ring)
MPRegen 0.08/turn               (no ring)

@: no status effects
A: no striking features
a: no special abilities


You were on level 2 of the Dungeon.
You visited 1 branch of the dungeon, and saw 2 of its levels.

You collected 25 gold pieces.

Inventory:

Hand Weapons
 a - a +0 long sword (weapon)
Missiles
 h - 2 stones (quivered)
 i - 4 poisoned darts
Armour
 b - a +0 scale mail (worn)
 c - a +0 buckler (worn)
Scrolls
 e - a scroll of teleportation {unknown}
 f - a scroll of poison {unknown}
 j - a scroll of summoning {unknown}
 l - 2 scrolls of identify {unknown}
Potions
 d - 2 potions of might
 g - a potion of curing {unknown}
 k - a potion of degeneration {unknown}


   Skills:
 - Level 3.0 Fighting
 * Level 2.8 Long Blades
 - Level 3.0 Armour
 + Level 3.2 Shields


You had one spell level left.
You didn't know any spells.
Your spell library contained the following spells:

 Spells                   Type           Power      Damage    Failure   Level
 Magic Dart               Conj           0%         1d3       90%         1
 Call Imp                 Summ           0%         N/A       97%         2
 Mephitic Cloud           Conj/Pois/Air  0%         N/A       99%         3


Dungeon Overview and Level Annotations

Branches:
Dungeon (1/15)

Altars:

Annotations:
D:2 Sigmund


Message History

You are frozen.
The endoplasm freezes you.
You are frozen.
You block the quokka's attack. The quokka attacks as you move away!
The quokka bites you.
* * * LOW HITPOINT WARNING * * *
The quokka attacks as you move away! The quokka bites you.
* * * LOW HITPOINT WARNING * * *
The endoplasm attacks as you move away! You block the endoplasm's attack.
A hobgoblin comes into view.
You block the quokka's attack. The quokka attacks as you move away!
You block the quokka's attack.
Found a ring mail.
You block the hobgoblin's attack. The hobgoblin attacks as you move away!
You block the hobgoblin's attack. The quokka attacks as you move away!
The quokka bites you.
* * * LOW HITPOINT WARNING * * *
Found 11 gold pieces.
The quokka barely misses you. The hobgoblin attacks as you move away!
The hobgoblin hits you but does no damage.
The quokka attacks as you move away! The quokka bites you.
* * * LOW HITPOINT WARNING * * *
The quokka bites you but does no damage.
You see here 11 gold pieces.
The quokka attacks as you move away! The quokka closely misses you.
You hit the quokka but do no damage.
Sigmund appears from thin air!
Reactivating autopickup.
The quokka barely misses you.
Sigmund says, "Don't worry, I'll kill you fast."
The quokka barely misses you.
A hobgoblin comes into view.
The hobgoblin shouts!
The quokka attacks as you move away!
The quokka bites you but does no damage.
The quokka attacks as you move away! The quokka barely misses you. x2
You block the hobgoblin's attack. The hobgoblin hits you.
* * * LOW HITPOINT WARNING * * *
The hobgoblin attacks as you move away! The hobgoblin hits you.
You die...

####.#####...##
#.###...#..#
#####........##
###.............#
###...##.#........##
###...#..#...........#
###........##......K.#.#
............#...........
#.#...@g...##........#.
#.....r.w...#..#...###.
##....g...#.##...###...
#....J......#.###...#.
##........#####.......
#..#g..###.#.....?...
##...###...##.#......
#K###...#..#.....K..
#.#..[.....##.......


You could see a worm, an endoplasm, a quokka, 2 hobgoblins, a goblin and a
kobold.

Vanquished Creatures
  A dart slug (D:1)
  A goblin (D:1)
  A hobgoblin (D:1)
  2 jackals (D:1)
  A quokka (D:1)
  2 ball pythons (D:1)
  2 bats (D:1)
  2 frilled lizards (D:1)
  A kobold (D:1)
  2 rats (D:1)
15 creatures vanquished.

Notes
Turn   | Place    | Note
-------+----------+-------------------------------------------
     0 | D:1      | EvilAshe the Human Fighter began the quest for the Orb.
     0 | D:1      | Reached XP level 1. HP: 18/18 MP: 1/1
   194 | D:1      | Reached XP level 2. HP: 24/24 MP: 2/2
   436 | D:1      | You fall into a shaft and drop 1 floor!
   460 | D:2      | Noticed Sigmund
   501 | D:2      | HP: 1/24 [quokka (2)]
   512 | D:2      | HP: 1/24 [hobgoblin (1)]
   513 | D:2      | Slain by a hobgoblin

Illustrated notes

Levels and vault maps discovered:
D:1:      lemuel_arrival_lava_pool, layout_rooms
D:2:      minmay_skewed_foursquare, layout_rooms, ebering_ecumenical_altar_webs,
          basic_altar, uniq_sigmund

Action                   || total
-------------------------++-------
Melee: Long sword        ||    45
Armor: Scale mail        ||    19
Dodge: Dodged            ||    30
Block: Buckler           ||    21
